 Dungeon Crawl Stone Soup version 0.32-a0-666-ge8a88695a4 (webtiles) character file.

Game seed: 9763372969719449415

1568 BubbleThief the Frost Mage (level 8, -2/67 HPs)
             Began as a Naga Ice Elementalist on Mar 10, 2024.
             Was a Follower of Elyvilon.
             Slain by a phantom (3 damage)
             ... on level 7 of the Dungeon.
             The game lasted 00:09:36 (5717 turns).

BubbleThief the Frost Mage (Naga Ice Elementalist)  Turns: 5717, Time: 00:09:37

Health: -2/67      AC:  6    Str: 10    XL:     8   Next: 90%
Magic:  7/16       EV:  9    Int: 19    God:    Elyvilon [*.....]
Gold:   308        SH:  6    Dex: 11    Spells: 11/18 levels left

rFire   . . .        w - +0 whip (elec)
rCold   . . .        y - +2 buckler
rNeg    . . .        a - +0 robe
rPois   +            r - +1 helmet
rElec   .            t - +0 cloak
rCorr   .            (no gloves)
SInv    +            (no barding)
Will    +....        (no amulet)
Stlth   ++           (no ring)
HPRegen 0.31/turn    (no ring)
MPRegen 0.15/turn

%: no passive effects
@: very slow
A: AC +2, large, see invisible, deformed body, poison resistance, slowness 2,
spit poison 1, naga tail 1
a: Spit Poison, Renounce Religion, Purification


You were on level 7 of the Dungeon.
You worshipped Elyvilon.
Elyvilon was aware of your devotion.
You visited 2 branches of the dungeon, and saw 8 of its levels.

You collected 308 gold pieces.

Inventory:

Hand Weapons
 k - a +0 whip of draining
 w - a +0 whip of electrocution (weapon)
Missiles
 f - 5 curare-tipped darts
 C - a throwing net
Armour
 a - a +0 robe (worn)
 r - a +1 helmet (worn)
 t - a +0 cloak (worn)
 y - a +2 buckler (worn)
Jewellery
 s - a ring of fire
Wands
 v - a wand of flame (40)
Scrolls
 c - a scroll of poison
 d - 2 scrolls of vulnerability {unknown}
 e - 2 scrolls of amnesia {unknown}
 g - 3 scrolls of identify {unknown}
 l - 2 scrolls of blinking {unknown}
 m - 3 scrolls of enchant weapon {unknown}
 n - 2 scrolls of noise {unknown}
 q - 6 scrolls of teleportation {unknown}
 x - a scroll of revelation {unknown}
 B - a scroll of brand weapon {unknown}
Potions
 b - a potion of magic
 h - 2 potions of brilliance {unknown}
 i - 2 potions of curing {unknown}
 j - 2 potions of cancellation
 o - a potion of heal wounds {unknown}
 p - 3 potions of degeneration {unknown}
 u - a potion of haste {unknown}
 z - 2 potions of lignification {unknown}
 A - a potion of invisibility {unknown}


   Skills:
 + Level 2.2 Fighting
 - Level 1.5 Dodging
 - Level 3.0 Stealth
 + Level 3.0 Shields
 + Level 5.5 Spellcasting
 * Level 9.1 Ice Magic


You had 11 spell levels left.
You knew the following spells:

 Your Spells              Type           Power      Damage    Failure   Level
a - Freeze                Ice            100%       1d10      1%          1
b - Frozen Ramparts       Ice            78%        1d12      1%          3
c - Ozocubu's Armour      Ice            39%        N/A       1%          3

Your spell library contained the following spells:

 Spells                   Type           Power      Damage    Failure   Level
 Summon Ice Beast         Ice/Summ       22%        N/A       8%          3
 Sandblast                Erth           10%        2d5       17%         1
 Passwall                 Erth           5%         N/A       45%         3
 Stone Arrow              Conj/Erth      10%        3d7       45%         3
 Brom's Barrelling Bould  Conj/Erth      5%         2d3       86%         4


Dungeon Overview and Level Annotations

Branches:
Dungeon (7/15)             Temple (1/1) D:7

Altars:
Ashenzari
Cheibriados
Dithmenos
Elyvilon
Fedhas
Gozag
Hepliaklqana
Kikubaaqudgha
Nemelex Xobeh
Okawaru
Qazlal
Trog
Uskayaw
Vehumet
Wu Jian
Xom
Yredelemnul
The Shining One


Innate Abilities, Weirdness & Mutations

Your serpentine skin is tough. (AC +2)
You have supernaturally acute eyesight. (SInv)
Armour fits poorly on your strangely shaped body.
Your system is resistant to poisons. (rPois)
You cover ground very slowly.
You can spit poison.
You have a snake-like lower body.


Message History

You block the phantom's attack.
The wall freezes the acid dragon!
The acid dragon closely misses you. The acid dragon barely misses you.
Unknown command.
Aiming: Freeze (safe; 1% risk of failure)
Press: ? - help, Q - select action, (/) - cycle Shift-Dir - straight line, f/p - acid dragon
Aim: an acid dragon (almost dead, catching its breath)
You freeze the acid dragon!
You kill the acid dragon!
The acid dragon scales are intact enough to wear.
The phantom hits you.
Your Shields skill increases to level 3!
Your Ice Magic skill increases to level 9!
Unknown command.
You hit the phantom but do no damage.
The phantom is lightly damaged.
The phantom hits you!
* * * LOW HITPOINT WARNING * * *
You block the phantom's attack.
Unknown command.
You hit the phantom but do no damage.
The phantom is lightly damaged.
An orc comes into view. It is wielding a +0 flail.
The phantom hits you!
* * * LOW HITPOINT WARNING * * *
Unknown command.
The air fills with toxic fumes!
As you read the scroll labelled NEAN BEOMM, it crumbles to dust.
It was a scroll of poison.
The phantom hits you.
* * * LOW HITPOINT WARNING * * *
The phantom blinks!
You blink.
The frozen ramparts melt away as you move.
Unknown command.
Okay, then.
Okay, then.
It was a potion of cancellation.
Your magical effects are unravelling.
You feel magically purged.
You are no longer corroded.
The phantom hits you.
You die...

PP..####...#'##############.
.(.........................#
.....#..........§§§........#
.....#..........§§§........#
.....#..........§§.........#
####'#..........§§.....D...#
....)).##§######§###........
.......#.§§§§§§§.§§#........
.......#.§§§§§§.@§§#...W....
.......#.§§§§§§W§§§#........
.......#.§o§§§§§§§§#........
.......#.§######§§§#........
#'#....#..#....#############
..#....#..#....# ..#....#
#....# ..'>...# #....#
..#....####....#


You could see a phantom and an orc.

Vanquished Creatures
  A steam dragon (D:7)
  An acid dragon (D:7)
  An orc warrior (D:7)
  2 ogres
  A centaur (D:5)
  A phantom (D:7)
  A bullfrog (D:6)
  3 gnoll sergeants
  A scorpion (D:5)
  2 howler monkeys
  2 bombardier beetles
  An orc priest (D:7)
  A gnoll bouda (D:4)
  3 hounds
  3 iguanas
  16 gnolls
  4 adders
  A white imp (D:7)
  3 dart slugs
  A ribbon worm (D:4)
  4 orcs
  3 bats
  6 endoplasms
  2 giant cockroaches
  6 goblins
  8 hobgoblins
  A quokka (D:5)
  7 ball pythons
  A frilled lizard (D:3)
  4 kobolds
  4 rats
95 creatures vanquished.

Vanquished Creatures (others)
  An orc (D:7)
1 creature vanquished.

Grand Total: 96 creatures vanquished

Notes
Turn   | Place    | Note
-------+----------+-------------------------------------------
     0 | D:1      | BubbleThief the Naga Ice Elementalist began the quest for
                  | the Orb.
     0 | D:1      | Reached XP level 1. HP: 15/15 MP: 3/3
   931 | D:2      | Reached XP level 2. HP: 22/22 MP: 5/5
  1253 | D:2      | Reached XP level 3. HP: 28/28 MP: 6/6
  1258 | D:2      | Learned a level 3 spell: Frozen Ramparts
  1828 | D:3      | Found a shadowy altar of Dithmenos.
  1842 | D:3      | Found a snail-covered altar of Cheibriados.
  1999 | D:3      | Reached skill level 5 in Ice Magic
  1999 | D:3      | Reached XP level 4. HP: 36/36 MP: 4/8
  2003 | D:3      | Learned a level 3 spell: Ozocubu's Armour
  2116 | D:3      | Found a stormy altar of Qazlal.
  2586 | D:4      | Reached XP level 5. HP: 37/42 MP: 3/9
  3191 | D:4      | Reached skill level 6 in Ice Magic
  3197 | D:4      | Reached XP level 6. HP: 20/49 MP: 4/11
  3430 | D:5      | Entered Level 5 of the Dungeon
  3584 | D:5      | Reached skill level 7 in Ice Magic
  3584 | D:5      | Reached XP level 7. HP: 13/55 MP: 4/13
  4259 | D:5      | Found a bloodstained altar of Trog.
  4415 | D:5      | Reached skill level 1 in Shields
  4618 | D:7      | Found a staircase to the Ecumenical Temple.
  4639 | Temple   | Entered the Ecumenical Temple
  4648 | Temple   | Became a worshipper of Elyvilon the Healer
  4737 | D:7      | Reached skill level 8 in Ice Magic
  4737 | D:7      | Reached XP level 8. HP: 62/62 MP: 8/15
  4764 | D:7      | Reached skill level 5 in Spellcasting
  4895 | D:7      | HP: 2/63 [white imp/puff of frost (10)]
  4896 | D:7      | Reached skill level 1 in Fighting
  5140 | D:7      | Found an iron altar of Okawaru.
  5379 | D:7      | Reached * piety under Elyvilon
  5713 | D:7      | Reached skill level 9 in Ice Magic
  5715 | D:7      | HP: 1/67 [phantom (6)]
  5717 | D:7      | Slain by a phantom

Illustrated notes

Levels and vault maps discovered:
D:1:      erik_arrival_triangle_huge, layout_basic, hangedman_decor_riveting
D:2:      layout_loops_ring
D:3:      layout_loops_ring, mainiacjoe_overflow_catwalk,
          grunt_qazlal_sundering, grunt_dithmenos_smoke,
          hangedman_decor_peaks_small
D:4:      layout_loops_ring
D:5:      layout_loops_cross, mainiacjoe_overflow_surrounded_room
D:6:      layout_rooms, grunt_temple_overflow_order_and_chaos_2, serial_shops,
          shop
D:7:      layout_gridville, mainiacjoe_overflow_boulevard,
          minmay_temple_entry_tees
Temple:   nicolae_temple_ecumenical_triangle

Skill      XL: |  1  2  3  4  5  6  7  8 |
---------------+-------------------------+-----
Ice Magic      | 5 6 7 8 9 |  9.1
Spellcasting   | 3 4 5 |  5.5
Shields        | 1 3 |  3.0
Fighting       | 2 |  2.2
Dodging        | |  1.5
Stealth        | |  3.0

Action                     |  1- 3 |  4- 6 |  7- 9 || total
---------------------------+-------+-------+-------++-------
  Melee: Whip              |       |     5 |    32 ||    37
   Cast: Freeze            |    20 |    37 |    19 ||    76
         Frozen Ramparts   |       |     3 |    20 ||    23
         Ozocubu's Armour  |       |     2 |    11 ||    13
Ability: Spit Poison       |    26 |    29 |    14 ||    69
  Evoke: Wand              |       |       |     9 ||     9
    Use: Scroll            |       |       |     1 ||     1
         Potion            |       |       |     1 ||     1
 Armour: Robe              |     8 |    27 |    76 ||   111
  Dodge: Dodged            |     7 |    13 |    29 ||    49
  Block: Buckler           |       |       |    20 ||    20

Table legend: (Time is in decaauts)
 A = Elapsed time spent in this place.
 B = Non-inter-level travel time spent in this place.
 C = Inter-level travel time spent in this place.
 D = Time resting spent in this place.
 E = Time spent auto-exploring this place.
 F = Levels seen in this place.
 G = Mean time per level.
                   A        B        C        D        E       F      G
               +--------+--------+--------+--------+--------+-----+--------+
         Total |   7249 |   6890 |    359 |    274 |   5779 |   8 |  906.1 |
       Dungeon |   7224 |   6865 |    359 |    274 |   5779 |   7 | 1032.0 |
        Temple |     25 |     25 |      0 |      0 |      0 |   1 |   25.0 |
               +--------+--------+--------+--------+--------+-----+--------+

Top non-repeatable levels by time:
     D:4: 1279 daAuts
     D:7: 1276 daAuts
     D:1: 1256 daAuts
     D:5: 1253 daAuts
     D:3: 1010 daAuts
     D:2: 961 daAuts
     D:6: 187 daAuts
  Temple: 25 daAuts
